 Dungeon Crawl Stone Soup version 0.30-a0-867-g305f33218d (webtiles) character file.

Game seed: 11536906328574030762

6678 AtlasWard the Slicer (level 11, -6/69 HPs)
             Began as a Kobold Hunter on Mar 10, 2023.
             Was a Follower of Dithmenos.
             Mangled by a yak (10 damage)
             ... on level 8 of the Dungeon.
             The game lasted 00:22:01 (8481 turns).

AtlasWard the Slicer (Kobold Hunter)                Turns: 8481, Time: 00:22:02

Health: -6/69      AC: 12    Str: 12 (15) XL:     11   Next: 23%
Magic:  11/11      EV: 15    Int:  9 (10) God:    Dithmenos [*.....]
Gold:   369        SH:  0    Dex: 23 (26) Spells: 10/10 levels left

rFire   . . .      SeeInvis +    b - +2 rapier (elec)
rCold   . . .      Faith    .    (no shield)
rNeg    + . .      Spirit   .    o - +1 ring mail {rN+}
rPois   .          Reflect  .    q - +0 helmet
rElec   .          Rampage  +    e - +0 cloak of the Thistle {-Cast Rampage rCorr}
rCorr   +          NoCast   +    t - +2 pair of gloves {Dex+3}
Will    .....                    E - +0 pair of boots
Stlth   +++++                    (no amulet)
HPRegen 0.31/turn                r - ring of see invisible
MPRegen 0.12/turn                v - +6 ring of strength

@: wreathed by umbra
A: small, no large weapons, nightstalker 3
a: Renounce Religion


You were on level 8 of the Dungeon.
You worshipped Dithmenos.
Dithmenos was aware of your devotion.
You visited 2 branches of the dungeon, and saw 10 of its levels.

You collected 395 gold pieces.
You spent 26 gold pieces at shops.

Inventory:

Hand Weapons
 a - a +1 shortbow
 b - a +2 rapier of electrocution (weapon)
 w - a +2 short sword of holy wrath
Missiles
 c - 8 atropa-tipped darts
 u - 31 poisoned darts
 B - 10 boomerangs
Armour
 e - the +0 cloak of the Thistle (worn) {-Cast Rampage rCorr}
   (You found it on level 6 of the Dungeon)

   -Cast:     It prevents spellcasting.
   rCorr:     It protects you from acid and corrosion.
   Rampage:   It bestows one free step when moving towards enemies.
 o - a +1 ring mail of positive energy (worn)
 q - a +0 helmet (worn)
 t - a +2 pair of gloves of dexterity (worn)
 E - a +0 pair of boots (worn)
Jewellery
 r - a ring of see invisible (left hand)
 v - a +6 ring of strength (right hand)
Wands
 x - a wand of polymorph (11)
 y - a wand of charming (13)
 D - a wand of roots (18)
 K - a wand of flame (10)
Scrolls
 d - 3 scrolls of blinking {unknown}
 f - 12 scrolls of identify
 g - a scroll of fog {unknown}
 h - 7 scrolls of teleportation {unknown}
 k - a scroll of immolation
 l - 2 scrolls of vulnerability {unknown}
 n - 2 scrolls of enchant weapon
 C - 2 scrolls of noise {unknown}
 G - 2 scrolls of magic mapping {unknown}
 H - a scroll of acquirement {unknown}
Potions
 i - 2 potions of might
 j - 2 potions of heal wounds {unknown}
 m - 5 potions of degeneration
 p - a potion of resistance {unknown}
 s - 2 potions of lignification {unknown}
 z - a potion of ambrosia {unknown}
 A - 5 potions of curing {unknown}
 F - 2 potions of haste {unknown}
 I - a potion of berserk rage {unknown}
 J - 2 potions of magic {unknown}
 L - a potion of cancellation {unknown}


   Skills:
 + Level 8.6 Fighting
 * Level 13.8 Short Blades
 + Level 11.4 Ranged Weapons
 - Level 4.0 Dodging
 - Level 6.0 Stealth
 + Level 4.1 Evocations


You had 10 spell levels left.
You didn't know any spells.
Your spell library contained the following spells:

 Spells                   Type           Power      Damage    Failure   Level
 Beastly Appendage        Tmut           0%         N/A       67%         1
 Magic Dart               Conj           0%         1d3       67%         1
 Call Imp                 Summ           0%         N/A       80%         2
 Sublimation of Blood     Necr           0%         N/A       80%         2
 Wereblood                Tmut           0%         N/A       80%         2
 Frozen Ramparts          Ice            0%         1d1       95%         3
 Kindle Blastsparks       Fire/Tloc/Air  0%         2d10      95%         3
 Mephitic Cloud           Conj/Pois/Air  0%         N/A       95%         3
 Spider Form              Tmut/Pois      0%         N/A       95%         3
 Fulminant Prism          Conj/Hex       0%         3d5       100%        4
 Ice Form                 Ice/Tmut       0%         N/A       100%        4
 Iskenderun's Mystic Bla  Conj/Tloc      0%         2d3       100%        4
 Petrify                  Tmut/Erth      0%         N/A       100%        4
 Summon Ice Beast         Ice/Summ       0%         N/A       100%        4
 Irradiate                Conj/Tmut      0%         3d11      100%        5
 Lee's Rapid Deconstruct  Erth           0%         3d4*      100%        5
 Conjure Ball Lightning   Conj/Air       0%         3x3d6     100%        6
 Summon Hydra             Summ           0%         N/A       100%        7
 Discord                  Hex            0%         N/A       100%        8
 Disjunction              Tloc           0%         N/A       100%        8


Dungeon Overview and Level Annotations

Branches:
Dungeon (9/15)             Temple (1/1) D:6            Lair (0/5) D:9
    Orc: D:9-12

Altars:
Ashenzari
Cheibriados
Dithmenos
Elyvilon
Fedhas
Gozag
Hepliaklqana
Kikubaaqudgha
Makhleb
Nemelex Xobeh
Okawaru
Qazlal
Ru
Sif Muna
Uskayaw
Vehumet
Wu Jian
Xom
Yredelemnul
Zin
The Shining One

Shops:
D:7 *

Annotations:
D:7 exclusion: door


Innate Abilities, Weirdness & Mutations

You are small and have problems with some larger weapons.
You are completely attuned to the shadows.


Message History

You puncture the yak!
The yak is heavily wounded.
The yak gores you but does no damage. The yak completely misses you.
The yak misses you.
You hit the yak.
The yak is severely wounded.
The yak barely misses you. The yak closely misses you. The yak gores you!
You closely miss the yak.
The yak is severely wounded.
You puncture the yak!
The yak is almost dead.
The yak gores you! The yak gores you. The yak misses you.
You hit the yak but do no damage.
The yak is almost dead.
You hit the yak but do no damage.
The yak is almost dead.
The yak barely misses you. The yak gores you!
* * * LOW HITPOINT WARNING * * *
The yak misses you.
You hit the yak but do no damage.
The yak is almost dead.
You hit the yak. Lightning courses through the yak!
You kill the yak!
Dithmenos accepts your kill. The yak gores you!
* * * LOW HITPOINT WARNING * * *
The yak barely misses you.
Your Evocations skill increases to level 4!
The yak attacks as you move away! The yak barely misses you.
Okay, then.
It was a potion of degeneration.
There was something very wrong with that liquid.
You feel weakened.
You feel dopey.
You feel clumsy. The yak closely misses you.
You hit the yak.
The yak is lightly wounded.
You hit the yak.
The yak is lightly wounded.
The yak gores you!
You die...

#..####### ##.##
#.# #....#
###...####### #.#
##.#.#
#...........# #.#
#.#.#
#.#...#####.# #.#
#.#.#####.##.##
#.#####.#
#.........##.####
#.......#
###.########...Y#
######### #.#
####Y# #.# #@#
#.# #.# #.# #.#
#.# #.# #.# #.#
##############
#.# #.#
#.............
#.# #.#
#.############
#.# #.# #.# #.#
#.# #.#


You could see 2 yaks.

Vanquished Creatures
  A two-headed ogre (D:7)
  Pikel (D:6)
  Joseph (D:7)
  8 yaks
  Eustachio (D:4)
  2 basilisks (D:9)
  Edmund (D:6)
  Menkaure (D:7)
  An acid dragon (D:5)
  4 water moccasins
  An orc warrior (D:6)
  3 ice beasts
  A sky beast (D:6)
  2 black bears (D:7)
  2 ogres
  2 centaurs
  4 lemures (D:6)
  A phantom (D:6)
  3 kobold brigands
  2 bullfrogs
  4 scorpions
  5 wights
  3 killer bees (D:9)
  2 jellies
  7 orc priests
  2 gnoll boudas
  3 hounds (D:5)
  2 iguanas
  9 orc wizards
  11 gnolls
  7 adders
  A white imp (D:5)
  2 ufetubi
  3 dart slugs
  30 orcs
  13 ball pythons
  5 bats
  10 endoplasms
  5 giant cockroaches
  7 goblins
  10 hobgoblins
  6 jackals
  6 quokkas
  4 frilled lizards (D:1)
  15 kobolds
  24 rats
238 creatures vanquished.

Vanquished Creatures (others)
  A bush (D:9)
  4 fungi (D:9)
  25 plants
30 creatures vanquished.

Grand Total: 268 creatures vanquished

Notes
Turn   | Place    | Note
-------+----------+-------------------------------------------
     0 | D:1      | AtlasWard the Kobold Hunter began the quest for the Orb.
     0 | D:1      | Reached XP level 1. HP: 12/12 MP: 1/1
   193 | D:1      | Reached XP level 2. HP: 18/18 MP: 2/2
   402 | D:1      | Reached skill level 1 in Short Blades
   408 | D:1      | Reached XP level 3. HP: 22/22 MP: 3/3
   436 | D:1      | Found a faded altar of an unknown god.
   920 | D:2      | Reached XP level 4. HP: 27/27 MP: 4/4
  1513 | D:3      | Reached XP level 5. HP: 31/31 MP: 5/5
  1666 | D:3      | You fall into a shaft and drop 2 floors!
  1666 | D:5      | Entered Level 5 of the Dungeon
  1700 | D:5      | Noticed a kobold brigand
  1959 | D:4      | Reached skill level 2 in Short Blades
  1967 | D:4      | Noticed Eustachio
  1972 | D:4      | Killed Eustachio
  1973 | D:4      | Reached skill level 3 in Short Blades
  1973 | D:4      | Reached XP level 6. HP: 30/37 MP: 6/6
  2123 | D:4      | Reached skill level 5 in Stealth
  2365 | D:4      | Reached XP level 7. HP: 41/41 MP: 7/7
  2536 | D:5      | Noticed an acid dragon
  2557 | D:5      | Reached skill level 4 in Short Blades
  2702 | D:5      | Noticed a yak
  2704 | D:5      | Noticed a yak
  2705 | D:5      | Noticed a yak
  2707 | D:5      | Noticed a yak
  2709 | D:5      | Noticed a yak
  2730 | D:4      | Killed a yak
  2731 | D:4      | Reached skill level 5 in Short Blades
  2731 | D:4      | Reached XP level 8. HP: 29/48 MP: 8/8
  2977 | D:5      | Reached skill level 6 in Short Blades
  3243 | D:4      | Reached skill level 7 in Short Blades
  3440 | D:5      | Noticed a yak
  3471 | D:4      | Killed a yak
  3472 | D:4      | Reached skill level 5 in Fighting
  3641 | D:5      | Reached skill level 8 in Short Blades
  3835 | D:4      | Killed a yak
  3836 | D:4      | Reached XP level 9. HP: 21/54 MP: 9/9
  3840 | D:4      | Reached skill level 9 in Short Blades
  4039 | D:6      | Noticed Pikel
  4085 | D:6      | Killed Pikel
  4086 | D:6      | Reached skill level 10 in Short Blades
  4272 | D:6      | Identified the +0 cloak of the Thistle {-Cast Rampage
                  | rCorr}
  4502 | D:6      | Noticed Edmund
  4512 | D:6      | Killed Edmund
  4513 | D:6      | Reached skill level 11 in Short Blades
  4513 | D:6      | Reached XP level 10. HP: 43/61 MP: 10/10
  4940 | D:6      | Reached skill level 10 in Ranged Weapons
  5243 | D:6      | Found a staircase to the Ecumenical Temple.
  5394 | D:6      | Reached skill level 12 in Short Blades
  5441 | Temple   | Entered the Ecumenical Temple
  5802 | Temple   | Became a worshipper of Dithmenos the Shadowed
  6018 | D:7      | Noticed Menkaure
  6024 | D:7      | Killed Menkaure
  6299 | D:7      | Noticed Joseph
  6467 | D:7      | Killed Joseph
  6468 | D:7      | Reached skill level 1 in Evocations
  6833 | D:7      | Noticed a two-headed ogre
  6835 | D:7      | Noticed a cyclops
  6837 | D:7      | Noticed a deep elf pyromancer
  6871 | D:7      | Killed a two-headed ogre
  6872 | D:7      | Reached skill level 13 in Short Blades
  7075 | D:7      | Found Utappiz's General Store.
  7109 | D:7      | Bought a scroll of identify for 26 gold pieces
  7322 | D:8      | Reached * piety under Dithmenos
  8112 | D:9      | Reached XP level 11. HP: 68/68 MP: 11/11
  8413 | D:9      | Found a staircase to the Lair.
  8477 | D:8      | HP: 3/69 [yak (8)]
  8481 | D:8      | Mangled by a yak

Illustrated notes

Levels and vault maps discovered:
D:1:      amcnicky_arrival_single_pillar, layout_basic,
          dreamdust_ecumenical_altar_angels_and_demons, hex_intersection,
          minmay_quantized
D:2:      layout_rooms
D:3:      layout_rooms, moated_statue, chequers_serial_rivers_micro_d,
          minmay_shallow_snake_nest
D:4:      layout_rooms, minmay_rat_hole, uniq_eustachio
D:5:      layout_cave_pools, hex_large
D:6:      layout_basic, minmay_temple_entry_enclosed_plants, minmay_puff,
          uniq_pikel, uniq_edmund
D:7:      minmay_slanted_spiral_squares, layout_rooms, serial_shops,
          nicolae_inconvenience_store, uniq_menkaure, uniq_joseph
D:8:      layout_loops_ring, hangedman_abyss_or_decor_clamps
D:9:      layout_roguey, minmay_lair_entry_grove, statue_in_the_mist_lemuel,
          nicolae_fountain_basement
Temple:   roderic_octagonal_lattice_temple

Skill      XL: |  1  2  3  4  5  6  7  8  9 10 11 |
---------------+----------------------------------+-----
Stealth        | 2 3 4 5 6 |  6.0
Short Blades   | 1 3 5 8 11 13 | 13.8
Dodging        | 3 4 |  4.0
Ranged Weapons | 6 7 8 9 11 | 11.4
Fighting       | 3 4 5 6 8 |  8.6
Evocations     | 3 4 |  4.1

Action                     |  1- 3 |  4- 6 |  7- 9 | 10-12 || total
---------------------------+-------+-------+-------+-------++-------
  Melee: Rapier            |       |    55 |   203 |   240 ||   498
         Punch             |       |       |     6 |     6 ||    12
   Fire: Shortbow          |    62 |    75 |     9 |    11 ||   157
    Use: Scroll            |       |     1 |       |       ||     1
         Potion            |       |       |       |     1 ||     1
   Stab: Sleeping          |       |     9 |     6 |    14 ||    29
         Distracted        |       |       |     1 |     4 ||     5
 Armour: Leather armour    |     6 |     4 |       |       ||    10
         Ring mail         |       |    26 |    64 |    39 ||   129
  Dodge: Dodged            |    11 |    49 |   146 |   138 ||   344

Table legend: (Time is in decaauts)
 A = Elapsed time spent in this place.
 B = Non-inter-level travel time spent in this place.
 C = Inter-level travel time spent in this place.
 D = Time resting spent in this place.
 E = Time spent auto-exploring this place.
 F = Levels seen in this place.
 G = Mean time per level.
                   A        B        C        D        E       F      G
               +--------+--------+--------+--------+--------+-----+--------+
         Total |   8388 |   7918 |    470 |      0 |   6396 |  10 |  838.8 |
       Dungeon |   8006 |   7576 |    430 |      0 |   6077 |   9 |  889.6 |
        Temple |    382 |    342 |     40 |      0 |    319 |   1 |  382.0 |
               +--------+--------+--------+--------+--------+-----+--------+

Top non-repeatable levels by time:
     D:7: 1350 daAuts
     D:6: 1259 daAuts
     D:4: 1218 daAuts
     D:5: 929 daAuts
     D:1: 921 daAuts
     D:8: 894 daAuts
     D:3: 645 daAuts
     D:2: 440 daAuts
  Temple: 382 daAuts
     D:9: 346 daAuts
